 Dungeon Crawl Stone Soup version 0.22.1-2-g9c5b331383 (webtiles) character file.

111 Cykl0x the Chopper (level 4, -12/45 HPs)
             Began as an Ogre Skald on Nov 21, 2018.
             Mangled by an orc warrior
             ... wielding a +0 glaive
              (22 damage)
             ... on level 6 of the Dungeon.
             The game lasted 00:10:15 (1755 turns).

Cykl0x the Chopper (Ogre Skald)                     Turns: 1755, Time: 00:10:16

Health: -12/45     AC:  4    Str: 15    XL:     4   Next: 92%
Magic:  3/8        EV: 10    Int: 14    God:
Gold:   171        SH:  2    Dex:  9    Spells: 2/8 levels left

rFire    . . .     SeeInvis .   a - +2 hand axe
rCold    . . .     Gourm    .   (no shield)
rNeg     . . .     Faith    .   b - +0 robe
rPois    .         Spirit   .   (helmet restricted)
rElec    .         Reflect  +   l - +0 cloak (curse)
rCorr    .         Harm     .   (gloves unavailable)
MR       .....                  (boots unavailable)
Stlth    +.........             f - +2 amulet of reflection
HPRegen  0.15/turn              r - +3 ring of slaying (curse)
MPRegen  0.11/turn              (no ring)

@: infused, singing
A: large, unfitting armour, tough skin 1
a: no special abilities


You were on level 6 of the Dungeon.
You were not hungry.

You visited 1 branch of the dungeon, and saw 4 of its levels.

You collected 171 gold pieces.

Inventory:

Hand Weapons
 a - a +2 hand axe (weapon)
Missiles
 i - 139 stones (quivered)
Armour
 b - a +0 robe (worn)
 l - a cursed +0 cloak (worn)
Jewellery
 f - a +2 amulet of reflection (around neck)
 r - a cursed +3 ring of slaying (left hand)
Scrolls
 c - a scroll of enchant weapon
 o - a scroll of magic mapping
 q - 3 scrolls of blinking
Potions
 e - a potion of ambrosia
 g - 2 potions of lignification
 h - a potion of flight
 j - 2 potions of heal wounds
 k - a potion of invisibility
Comestibles
 d - 10 rations
 m - a chunk of flesh


   Skills:
 + Level 3.2 Fighting
 + Level 3.5 Axes
 + Level 2.7 Dodging
 + Level 2.9 Spellcasting
 + Level 3.1 Charms


You had 2 spell levels left.
You knew the following spells:

 Your Spells              Type           Power        Failure   Level  Hunger
a - Infusion              Chrm           ##..         6%          1    #......
b - Regeneration          Chrm/Necr      #.........   34%         3    ###....
c - Song of Slaying       Chrm           ##......     9%          2    ##.....

Your spell library contained the following spells:

 Spells                   Type           Power        Failure   Level  Hunger
 Shroud of Golubria       Chrm/Tloc      #.........   17%         2    ##.....
 Spectral Weapon          Hex/Chrm       #.......     34%         3    ###....


Dungeon Overview and Level Annotations

Branches:
Dungeon (3/15)

Altars:


Innate Abilities, Weirdness & Mutations

You are too large for most types of armour.
You have tough skin. (AC +1)


Message History

The orc wizard is heavily wounded.
The orc wizard hits you with a dagger. The orc warrior misses you.
The orc wizard closely misses you.
You barely miss the orc wizard.
The orc wizard is heavily wounded.
The orc warrior hits you from afar with a glaive!
The orc wizard hits you but does no damage.
You hit the orc wizard.
The orc wizard is heavily wounded.
The orc wizard misses you.
The orc warrior hits you from afar with a glaive.
You hit the orc wizard.
The orc wizard is heavily wounded.
The orc wizard barely misses you.
The orc warrior hits you from afar with a glaive!
* * * LOW HITPOINT WARNING * * *
You slash the orc wizard!
You kill the orc wizard!
The orc warrior hits you with a glaive!!
You die...

########
#......#
#@####.#
#o# .o.
...#.
.#.##..
#.#. <#
# #. ##
#.


You could see an orc warrior and an orc.

Vanquished Creatures
  An orc wizard (D:6)
  2 adders (D:3)
  A worm (D:2)
  A dart slug (D:2)
  2 leopard geckos
  3 giant cockroaches (D:3)
  5 goblins
  6 hobgoblins (D:1)
  5 jackals
  8 kobolds
  A quokka (D:2)
  3 ball pythons
  7 bats
  5 frilled lizards
  7 rats
57 creatures vanquished.

Notes
Turn   | Place    | Note
-------+----------+-------------------------------------------
     0 | D:1      | Cykl0x the Ogre Skald began the quest for the Orb.
     0 | D:1      | Reached XP level 1. HP: 22/22 MP: 3/3
   107 | D:1      | Reached XP level 2. HP: 24/29 MP: 5/5
   316 | D:1      | Reached XP level 3. HP: 28/37 MP: 7/7
   631 | D:1      | Learned a level 3 spell: Regeneration
   634 | D:1      | Learned a level 2 spell: Song of Slaying
   919 | D:2      | Found a faded altar of an unknown god.
  1328 | D:3      | Reached XP level 4. HP: 41/45 MP: 0/8
  1744 | D:3      | You fall through a shaft for 3 floors!
  1744 | D:6      | Noticed an orc warrior
  1755 | D:6      | Mangled by an orc warrior

Skill      XL: |  1  2  3  4 |
---------------+-------------+-----
Charms         | 3 |  3.1
Fighting       | 3 |  3.2
Axes           | 3 |  3.5
Dodging        | |  2.7
Spellcasting   | |  2.9

Action                   |  1- 3 |  4- 6 || total
-------------------------+-------+-------++-------
Melee: Hand axe          |   108 |    28 ||   136
 Cast: Infusion          |     5 |     1 ||     6
       Song of Slaying   |     1 |     1 ||     2
  Use: Scroll            |     8 |     6 ||    14
  Eat: Chunk             |     1 |     2 ||     3
Armor: Robe              |    50 |    14 ||    64
Dodge: Dodged            |    67 |    13 ||    80
Block: Other             |     6 |     2 ||     8
